 Dungeon Crawl Stone Soup version 0.26-a0-638-gcca6ad1b57 (webtiles) character file.

Game seed: 13019618275297202555

114 Kaptain the Digger (level 4, -8/28 HPs)
             Began as an Octopode Earth Elementalist on Sept 14, 2020.
             Mangled by an ice beast (9 damage)
             ... on level 2 of the Dungeon.
             The game lasted 00:06:06 (2005 turns).

Kaptain the Digger (Octopode Earth Elementalist)    Turns: 2005, Time: 00:06:07

Health: -8/28      AC:  1    Str:  7    XL:     4   Next: 97%
Magic:  2/8        EV: 13    Int: 18    God:
Gold:   86         SH:  0    Dex: 12    Spells: 2/8 levels left

rFire    . . .     SeeInvis .   i - +0 dagger
rCold    . . .     Faith    .   (no shield)
rNeg     . . .     Spirit   .   (helmet restricted)
rPois    .         Reflect  .   (no amulet)
rElec    .         Harm     .   (no ring)
rCorr    .         Rampage  .   (no ring)
MR       .....                  (no ring)
Stlth    +++.......             (no ring)
HPRegen  0.09/turn              (no ring)
MPRegen  0.11/turn              (no ring)
                                (no ring)
                                (no ring)

@: very slightly contaminated
A: almost no armour, stealthy swim, amphibious, 8 rings, constrict 8, camouflage
1, gelatinous body 1
a: no special abilities


You were on level 2 of the Dungeon.
You visited 1 branch of the dungeon, and saw 2 of its levels.

You collected 86 gold pieces.

Inventory:

Hand Weapons
 a - a +0 hand axe
 i - a +0 dagger (weapon)
Scrolls
 d - 2 scrolls of identify {unknown}
 e - 2 scrolls of enchant armour {unknown}
 f - a scroll of magic mapping {unknown}
 h - a scroll of amnesia {unknown}
Potions
 b - a potion of curing {unknown}
 c - 2 potions of haste {unknown}
 g - a potion of flight {unknown}


   Skills:
 + Level 1.3 Fighting
 + Level 2.5 Dodging
 + Level 3.5 Stealth
 * Level 2.9 Spellcasting
 - Level 1.0 Transmutations
 * Level 4.0 Earth Magic


You had 2 spell levels left.
You knew the following spells:

 Your Spells              Type           Power        Failure   Level
a - Sandblast             Erth           ###...       3%          1
b - Passwall              Tmut/Erth      ##......     9%          2
c - Stone Arrow           Conj/Erth      #.....       22%         3

Your spell library contained the following spells:

 Spells                   Type           Power        Failure   Level
 Petrify                  Tmut/Erth      ##......     52%         4
 Lee's Rapid Deconstruct  Erth           ###.......   65%         5


Dungeon Overview and Level Annotations

Branches:
Dungeon (2/15)

Altars:


Innate Abilities, Weirdness & Mutations

You cannot wear most types of armour.
You are very stealthy in the water. (Stealth+)
You are amphibious.
You can wear up to eight rings at the same time.
You can use your tentacles to constrict eight enemies at once.
Your skin changes colour to match your surroundings (Stealth+).
Your rubbery body absorbs attacks. (AC +1, EV +1)


Message History

Press: ? - help, Dir - move target cursor, p - ice beast A rock wall.
You miscast Passwall.
You are very lightly contaminated with residual magic.
Nothing appears to happen.
Unknown command.
Casting: Passwall (safe; 9% risk of failure)
Confirm with . or Enter, or press ? or * to list all spells.
Press: ? - help, Dir - move target cursor A rock wall.
The ice beast completely misses you.
You begin to meditate on the wall.
You continue meditating on the rock.
The ice beast hits you. The ice beast freezes you!
Ouch! That really hurt!
* * * LOW HITPOINT WARNING * * *
You continue meditating on the rock.
The ice beast hits you.
* * * LOW HITPOINT WARNING * * *
The ice beast freezes you!
You die...

############## #..........†.#
#.##########.# #.# #.#
#.##########Y# ##.......Y..#@#
####...#######.#.#
...............#.#
..##...##...##.#.# #######
...##.##..#Y.#.#.######.......
....#.##.###...#.#...†.....#
......##. #..#.#.#.###...#.#
w...#.###...##.#.#.#.......#
...##.........................


You could see an ice beast.

Vanquished Creatures
  Jessica (D:2)
  A hound skeleton (D:2)
  2 adders (D:2)
  A gnoll (D:1)
  An ooze (D:2)
  2 dart slugs
  A leopard gecko (D:2)
  A ball python (D:1)
  6 bats
  A giant cockroach (D:2)
  4 goblins
  6 hobgoblins
  4 jackals (D:1)
  A kobold (D:1)
  2 quokkas (D:2)
  2 frilled lizards (D:2)
  A rat (D:1)
37 creatures vanquished.

Notes
Turn   | Place    | Note
-------+----------+-------------------------------------------
     0 | D:1      | Kaptain the Octopode Earth Elementalist began the quest for
                  | the Orb.
     0 | D:1      | Reached XP level 1. HP: 11/11 MP: 3/3
   225 | D:1      | Reached XP level 2. HP: 13/17 MP: 0/5
   535 | D:1      | Reached XP level 3. HP: 22/22 MP: 0/6
  1032 | D:2      | Learned a level 2 spell: Passwall
  1036 | D:2      | Learned a level 3 spell: Stone Arrow
  1222 | D:2      | Reached skill level 1 in Fighting
  1222 | D:2      | Reached XP level 4. HP: 18/28 MP: 5/7
  1464 | D:2      | Noticed Jessica
  1469 | D:2      | Killed Jessica
  1850 | D:2      | Noticed an ice beast
  1863 | D:2      | Reached skill level 4 in Earth Magic
  2005 | D:2      | HP: 1/28 [ice beast (4)]
  2005 | D:2      | Mangled by an ice beast

Illustrated notes

Levels and vault maps discovered:
D:1:      heliophobic_arrival_ceremonial_halls, layout_basic
D:2:      layout_loops_ring, nemelex_dance_club_becter, uniq_jessica

Skill      XL: |  1  2  3  4 |
---------------+-------------+-----
Stealth        | 3 |  3.5
Fighting       | 1 |  1.3
Earth Magic    | 4 |  4.0
Dodging        | |  2.5
Spellcasting   | |  2.9
Transmutations | |  1.0

Action                   |  1- 3 |  4- 6 || total
-------------------------+-------+-------++-------
Melee: Hand axe          |    23 |    11 ||    34
       Constrict         |     5 |     7 ||    12
       Tentacles         |     2 |     5 ||     7
       Dagger            |       |    22 ||    22
 Cast: Sandblast         |    29 |     1 ||    30
       Stone Arrow       |       |     3 ||     3
       Passwall          |       |     3 ||     3
 Stab: Sleeping          |     3 |     2 ||     5
Armor: Skin              |     5 |     6 ||    11
Dodge: Dodged            |    27 |    21 ||    48

Table legend: (Time is in decaauts)
 A = Elapsed time spent in this place.
 B = Non-inter-level travel time spent in this place.
 C = Inter-level travel time spent in this place.
 D = Time resting spent in this place.
 E = Time spent auto-exploring this place.
 F = Levels seen in this place.
 G = Mean time per level.
                   A        B        C        D        E       F      G
               +--------+--------+--------+--------+--------+-----+--------+
         Total |   2013 |   2005 |      8 |    929 |    763 |   2 | 1006.5 |
       Dungeon |   2013 |   2005 |      8 |    929 |    763 |   2 | 1006.5 |
               +--------+--------+--------+--------+--------+-----+--------+

Top non-repeatable levels by time:
     D:2: 1017 daAuts
     D:1: 996 daAuts
